 Dungeon Crawl Stone Soup version 0.21.1 (webtiles) character file.

1617 RUZZLEFAZAZZLE the Slasher (level 8, -7/44 HPs)
             Began as a Vine Stalker Fighter on Feb 4, 2018.
             Was a Believer of Okawaru.
             Mangled by a two-headed ogre
             ... wielding a +0 giant club
              (10 damage)
             ... on level 6 of the Dungeon.
             The game lasted 00:25:46 (7177 turns).

RUZZLEFAZAZZLE the Slasher (Vine Stalker Fighter)   Turns: 7177, Time: 00:25:46

Health: -7/44      AC: 15    Str: 20    XL:     8   Next: 96%
Magic:  0/9        EV:  3    Int:  8    God:    Okawaru [**....]
Gold:   252        SH: 11    Dex: 15    Spells: 7/7 levels left

rFire    . . .     SeeInvis .   a - +1 long sword
rCold    + . .     Gourm    .   c - +0 shield
rNeg     . . .     Faith    .   j - +0 plate armour
rPois    +         Spirit   +   (no helmet)
rElec    .         Reflect  +   (no cloak)
rCorr    .         Harm     .   (no gloves)
MR       +....                  m - +2 pair of boots
Stlth    ..........             l - +2 amulet of reflection
HPRegen  0.54/turn              i - ring of poison resistance
MPRegen  0.11/turn              w - ring of protection from cold

@: no status effects
A: fangs 3, regeneration 1, magic shield, antimagic bite, no potion heal 3, rot
immunity
a: Heroism, Renounce Religion


You were on level 6 of the Dungeon.
You worshipped Okawaru.
Okawaru was pleased with you.
You were not hungry.

You visited 2 branches of the dungeon, and saw 8 of its levels.
You also visited: Sewer.

You collected 252 gold pieces.

Inventory:

Hand Weapons
 a - a +1 long sword (weapon)
Armour
 c - a +0 shield (worn)
 j - a +0 plate armour (worn)
 m - a +2 pair of boots (worn)
Jewellery
 i - a ring of poison resistance (left hand)
 l - a +2 amulet of reflection (around neck)
 o - an uncursed ring of flight
 w - a ring of protection from cold (right hand)
 C - an uncursed ring of resist corrosion
Wands
 t - a wand of enslavement (5)
 B - a wand of paralysis (11)
 D - a wand of iceblast (5)
Scrolls
 b - a scroll of fear
 g - a scroll of enchant weapon
 h - 5 scrolls of amnesia
 n - 5 scrolls of identify
 p - 2 scrolls of remove curse
 q - a scroll of teleportation
 r - 2 scrolls of enchant armour {unknown}
 u - a scroll of immolation {unknown}
 E - a scroll of torment {unknown}
Potions
 d - 2 potions of might
 e - 3 potions of curing
 k - a potion of heal wounds
 v - 4 potions of berserk rage {unknown}
 x - a potion of invisibility {unknown}
 z - a potion of brilliance
 A - a potion of ambrosia {unknown}
 F - a potion of haste {unknown}
Books
 s - a book of Misfortune

   Spells                             Type                      Level
   a - Confusing Touch                Hexes                        1
   b - Confuse                        Hexes                        3
   c - Gell's Gravitas                Translocation                3
   d - Petrify                        Transmutation/Earth          4
   e - Metabolic Englaciation         Hexes/Ice                    5
   f - Yara's Violent Unravelling     Hexes/Transmutation          5
 y - a book of Air

   Spells                             Type                      Level
   a - Shock                          Conjuration/Air              1
   b - Swiftness                      Charms/Air                   2
   c - Static Discharge               Conjuration/Air              3
   d - Airstrike                      Air                          4
   e - Lightning Bolt                 Conjuration/Air              5
Comestibles
 f - 12 rations
 G - 5 chunks of flesh


   Skills:
 + Level 5.6 Fighting
 * Level 7.3 Long Blades
 + Level 5.1 Armour
 - Level 2.6 Shields


You had 7 spell levels left.
You didn't know any spells.

Dungeon Overview and Level Annotations

Branches:
Dungeon (7/15)             Temple (1/1) D:5

Altars:
Ashenzari
Cheibriados
Dithmenos
Elyvilon
Hepliaklqana
Kikubaaqudgha
Makhleb
Nemelex Xobeh
Okawaru
Qazlal
Sif Muna
Trog
Uskayaw
Vehumet
Xom
Yredelemnul
Zin
The Shining One

Annotations:
D:6 exclusion: statue


Innate Abilities, Weirdness & Mutations

You have razor-sharp teeth.
Your natural rate of healing is unusually fast.
When hurt, damage is shared between your health and your magic reserves.
Your bite disrupts and absorbs the magic of your enemies.
Potions cannot restore your health.
You are immune to rotting.


Message History

You hit the two-headed ogre.
The two-headed ogre is heavily wounded.
The two-headed ogre hits you with a giant club! x2
* * * LOW HITPOINT WARNING * * *
You are too injured to fight recklessly!
The two-headed ogre barely misses you. You block the two-headed ogre's attack.
You climb upwards.
Level annotation: exclusion: statue
There is a stone staircase leading down, spattered with blood here.
Things that are here:
a spear; a whip; a gnoll skeleton You hit the two-headed ogre but do no damage.
The two-headed ogre is moderately wounded.
The two-headed ogre barely misses you.
The two-headed ogre hits you with a giant club!!
* * * LOW HITPOINT WARNING * * *
Your plate armour prevents you from hitting the two-headed ogre.
The two-headed ogre is moderately wounded.
The two-headed ogre hits you with a giant club!
You die...

.)##.### #.####.## ### #####).##
#.# ##.# ### #.## # ##>.###.##
#.####.# ##.## ##).....##
#...##.# ##..#
###.###..###.....## #.... #...#
##..##.....## ##...# ## ######
##..#......## ##...## #8###8##
##O.....#..###...## ...8...8##
##@...###......## ........####
#..### ##.....## ........>#.#
##..# ##.......###
........##.####...####.........##
.. 8...8##......................#
##8 #......#................
######## #...<.##.#####.........#
.......####..####..# ##........#
........###..###...## ###.......#


You could see a two-headed ogre.

Vanquished Creatures
  Purgy (Sewer)
  An orc warrior (D:6)
  An ice beast (D:5)
  An ogre (D:6)
  2 centaurs (D:5)
  4 jellies
  A crimson imp (D:5)
  3 hounds
  3 orc priests (D:4)
  A centaur zombie (D:6)
  7 orc wizards
  A gnoll shaman (D:5)
  Ijyb (D:3)
  A bullfrog skeleton (D:5)
  3 iguanas
  4 worker ants
  7 gnolls
  9 adders
  A worm (D:6)
  2 dart slugs
  8 leopard geckos
  10 orcs
  13 bats
  6 giant cockroaches
  7 goblins
  9 hobgoblins
  5 jackals
  3 quokkas
  2 ball pythons
  8 frilled lizards
  5 kobolds
  12 rats
142 creatures vanquished.

Vanquished Creatures (others)
  A plant (D:5)
1 creature vanquished.

Grand Total: 143 creatures vanquished

Notes
Turn   | Place    | Note
-------+----------+-------------------------------------------
     0 | D:1      | RUZZLEFAZAZZLE the Vine Stalker Fighter began the quest for the Orb.
     0 | D:1      | Reached XP level 1. HP: 11/11 MP: 2/2
   118 | D:1      | Reached skill level 2 in Long Blades
   205 | D:1      | Reached XP level 2. HP: 16/16 MP: 3/3
   214 | D:1      | Found a shimmering altar of Xom.
   972 | D:1      | Reached XP level 3. HP: 20/20 MP: 4/4
  1731 | D:2      | Found an ancient bone altar of Kikubaaqudgha.
  1837 | D:2      | Reached skill level 3 in Long Blades
  1837 | D:2      | Gained mutation: Your natural rate of healing is unusually fast. [Vine Stalker growth]
  1837 | D:2      | Reached XP level 4. HP: 19/24 MP: 5/5
  2513 | D:3      | Found a shattered altar of Ashenzari.
  2763 | D:3      | Noticed Ijyb
  2781 | D:3      | Killed Ijyb
  2781 | D:3      | Reached XP level 5. HP: 28/28 MP: 6/6
  2803 | D:3      | Found a glowing golden altar of the Shining One.
  3585 | D:4      | Reached skill level 4 in Long Blades
  3618 | D:3      | Reached XP level 6. HP: 33/33 MP: 7/7
  4030 | D:4      | Reached XP level 7. HP: 37/37 MP: 6/8
  4629 | D:5      | Entered Level 5 of the Dungeon
  4652 | D:5      | Reached skill level 5 in Long Blades
  4662 | D:5      | Found a shadowy altar of Dithmenos.
  4821 | D:5      | Found a staircase to the Ecumenical Temple.
  4828 | Temple   | Entered the Ecumenical Temple
  4966 | Temple   | Became a worshipper of Warmaster Okawaru
  5241 | D:5      | Found a glowing drain.
  5261 | Sewer    | Entered a sewer
  5317 | Sewer    | Noticed Purgy
  5338 | Sewer    | Killed Purgy
  5461 | D:5      | Noticed a moth of wrath
  5463 | D:5      | Found a bloodstained altar of Trog.
  5542 | D:5      | Reached * piety under Okawaru
  5544 | D:5      | Gained mutation: You have razor-sharp teeth. [Vine Stalker growth]
  5544 | D:5      | Reached XP level 8. HP: 42/42 MP: 9/9
  5579 | D:5      | Reached skill level 6 in Long Blades
  5648 | D:5      | Reached skill level 5 in Fighting
  6313 | D:6      | Reached ** piety under Okawaru
  6313 | D:6      | Reached skill level 7 in Long Blades
  6313 | D:6      | Reached skill level 5 in Armour
  6406 | D:6      | Found a radiant altar of Vehumet.
  6617 | D:6      | Found a shimmering altar of Xom.
  6617 | D:6      | Found a hide-covered altar of Uskayaw.
  6838 | D:6      | Found a shadowy altar of Dithmenos.
  7103 | D:7      | Noticed a two-headed ogre
  7177 | D:6      | Mangled by a two-headed ogre

Skill      XL: |  1  2  3  4  5  6  7  8 |
---------------+-------------------------+-----
Long Blades    | 2 3 4 5 7 |  7.3
Fighting       | 3 4 5 |  5.6
Armour         | 3 4 5 |  5.1
Shields        | |  2.6

Action                   |  1- 3 |  4- 6 |  7- 9 || total
-------------------------+-------+-------+-------++-------
Melee: Long sword        |    97 |   179 |   227 ||   503
       Bite              |    20 |    49 |    86 ||   155
  Use: Potion            |     3 |       |     1 ||     4
       Scroll            |     2 |     3 |     4 ||     9
  Eat: Chunk             |     3 |     5 |     7 ||    15
       Ration            |       |     1 |     1 ||     2
Armor: Scale mail        |    46 |    98 |   125 ||   269
       Plate armour      |       |       |    23 ||    23
       Chain mail        |       |       |     5 ||     5
Dodge: Dodged            |    32 |    61 |    69 ||   162
Block: Shield            |    59 |    94 |   120 ||   273
       Rpst.: Long sword |    11 |    15 |    21 ||    47
